 Dungeon Crawl Stone Soup version 0.30-a0-1085-g990a428a5c (webtiles) character file.

Game seed: 8068452522468238164

165774 Lusmu the Black Sun (level 17, -3/112 HPs)
             Began as a Tengu Necromancer on Apr 15, 2023.
             Was a High Priest of Kikubaaqudgha.
             Killed from afar by a swamp worm (19 damage)
             ... with a harpoon shot
             ... on level 4 of the Swamp on Apr 17, 2023.
             The game lasted 06:46:22 (33790 turns).

Lusmu the Black Sun (Tengu Necromancer)            Turns: 33790, Time: 06:46:24

Health: -3/112     AC: 12    Str: 10    XL:     17   Next: 59%
Magic:  42/42      EV: 27    Int: 27    God:    Kikubaaqudgha [*****.]
Gold:   2143       SH:  7    Dex: 23    Spells: 2/36 levels left

rFire   + . .      SeeInvis .    E - +8 Vampire's Tooth {megavamp}
rCold   + + .      Faith    +    y - +0 buckler
rNeg    . . .      Spirit   .    V - +2 leather armour {rC+ rF+}
rPois   +          Reflect  .    S - +3 hat of Pondering {ponderous, Will+ MP+10 Int+5}
rElec   .          Rampage  .    X - +1 cloak {rC+}
rCorr   .          Rage     3%   n - +0 pair of gloves
Will    +++..                    (boots unavailable)
Stlth   +++                      b - amulet "Hierit" {Faith +Inv Will+ Int+2}
HPRegen 0.38/turn                I - +6 ring of dexterity
MPRegen 0.28/turn                l - +5 ring of evasion

@: about to teleport, on berserk cooldown, animating dead, flying quickly and
evasively, slowed, very slow
A: beak, talons 3, nimble flight, berserk 1, poison resistance, robust 1,
MP-powered wands
}: 1/15 runes: decaying
a: Renounce Religion, Evoke Invisibility, Unearth Wretches, Torment


You were on level 4 of the Swamp.
You worshipped Kikubaaqudgha.
Kikubaaqudgha was extremely pleased with you.
You visited 5 branches of the dungeon, and saw 27 of its levels.
You also visited: Ice Cave.

You collected 2451 gold pieces.
You spent 308 gold pieces at shops.

Inventory:

Hand Weapons
 o - a +3 demon trident of flaming
 z - a +2 spectral quarterstaff
 E - the +8 Vampire's Tooth (weapon) {megavamp}
   (You found it on level 11 of the Dungeon)
 F - the +3 falchion "Sacveuliod" {antimagic, Str+3 Int+2 Dex+4 Stlth-}
   (You found it on level 3 of the Swamp)

   Str:       It affects your strength (+3).
   Int:       It affects your intelligence (+2).
   Dex:       It affects your dexterity (+4).
   Stlth:     It makes you less stealthy.
Missiles
 f - 46 poisoned darts
 m - 4 throwing nets
 v - 3 datura-tipped darts
 x - 10 curare-tipped darts
Armour
 n - a +0 pair of gloves (worn)
 q - +0 swamp dragon scales
 y - a +0 buckler (worn)
 S - the +3 hat of Pondering (worn) {ponderous, Will+ MP+10 Int+5}
   (You took it off Gastronok on level 3 of the Lair of Beasts)

   Int:       It affects your intelligence (+5).
   MP:        It affects your magic capacity (+10).
   Will:      It increases your willpower.
 V - a +2 leather armour of resistance (worn)
 X - a +1 cloak of cold resistance (worn)
Jewellery
 b - the amulet "Hierit" (around neck) {Faith +Inv Will+ Int+2}
   (You acquired it on level 1 of the Lair of Beasts)

   [amulet of faith]

   It allows you to gain divine favour quickly.
   Int:       It affects your intelligence (+2).
   +Inv:      It lets you turn invisible.
   Will:      It increases your willpower.
 l - a +5 ring of evasion (right hand)
 p - a +6 ring of strength
 G - a +6 ring of intelligence
 I - a +6 ring of dexterity (left hand)
Wands
 h - a wand of quicksilver (9)
 D - a wand of polymorph (5)
 H - a wand of flame (22)
 N - a wand of roots (7)
 Q - a wand of charming (11)
Scrolls
 c - a scroll of immolation
 e - 3 scrolls of fog
 j - 3 scrolls of magic mapping
 k - 6 scrolls of amnesia
 s - 4 scrolls of enchant armour
 u - 4 scrolls of blinking
 A - 6 scrolls of enchant weapon
 C - 2 scrolls of silence
 O - 4 scrolls of teleportation
Potions
 a - 4 potions of curing
 d - 6 potions of brilliance
 g - a potion of cancellation
 i - 4 potions of magic
 r - a potion of ambrosia
 w - a potion of heal wounds
 B - 3 potions of resistance
 K - 2 potions of might
 L - a potion of invisibility
Miscellaneous
 t - a lightning rod (4/4)
 U - a phial of floods (inert) (quivered)


   Skills:
 - Level 10.0 Fighting
 - Level 12.0 Short Blades
 - Level 5.0 Staves
 - Level 4.0 Throwing
 - Level 8.0 Armour
 - Level 10.0 Dodging
 - Level 4.0 Stealth
 - Level 6.0 Shields
 - Level 10.0 Spellcasting
 - Level 6.0 Conjurations
 + Level 11.1 Summonings
 * Level 17.4 Necromancy
 - Level 5.0 Ice Magic
 - Level 8.0 Air Magic
 - Level 5.0 Poison Magic
 - Level 6.0 Evocations


You had 2 spell levels left.
You knew the following spells:

 Your Spells              Type           Power      Damage    Failure   Level
a - Agony                 Necr           82%        N/A       1%          5
b - Animate Dead          Necr           82%        N/A       1%          4
c - Death Channel         Necr           41%        N/A       1%          6
d - Dispel Undead         Necr           82%        3d27      1%          4
e - Summon Lightning Spi  Summ/Air       60%        N/A       1%          4
f - Mephitic Cloud        Conj/Pois/Air  47%        N/A       1%          3
g - Hailstorm             Conj/Ice       43%        3d10      2%          3
h - Airstrike             Air            27%        2d(4-20)  2%          4
i - Necrotise             Necr           100%       1d9       0%          1

Your spell library contained the following spells:

 Spells                   Type           Power      Damage    Failure   Level
 Sublimation of Blood     Necr           82%        N/A       0%          2
 Freeze                   Ice            100%       1d10      1%          1
 Kiss of Death            Conj/Necr      100%       2d13      1%          1
 Magic Dart               Conj           100%       1d8       1%          1
 Summon Small Mammal      Summ           100%       N/A       1%          1
 Call Imp                 Summ           100%       N/A       1%          2
 Poisonous Vapours        Pois/Air       96%        N/A       1%          2
 Static Discharge         Conj/Air       100%       2-7/arc   1%          2
 Sting                    Tmut/Pois      100%       1d8       2%          1
 Apportation              Tloc           26%        N/A       7%          1
 Lesser Beckoning         Tloc           26%        N/A       11%         2
 Wereblood                Tmut           13%        N/A       11%         2
 Vampiric Draining        Necr           82%        2d11      0%          3
 Anguish                  Hex/Necr       28%        N/A       1%          4
 Frozen Ramparts          Ice            80%        1d13      2%          3
 Summon Ice Beast         Ice/Summ       54%        N/A       2%          4
 Dazzling Flash           Conj/Hex       58%        N/A       6%          3
 Olgreb's Toxic Radiance  Pois           40%        N/A       9%          4
 Haunt                    Necr/Summ      37%        N/A       17%         7
 Confusing Touch          Hex            13%        N/A       21%         3
 Gell's Gravitas          Tloc           13%        N/A       21%         3
 Portal Projectile        Hex/Tloc       26%        N/A       21%         3
 Teleport Other           Tloc           13%        N/A       21%         3
 Tukima's Dance           Hex            13%        N/A       21%         3
 Volatile Blastmotes      Fire/Tloc      26%        2d12      21%         3
 Iskenderun's Mystic Bla  Conj/Tloc      29%        2d7       21%         4
 Summon Mana Viper        Hex/Summ       43%        N/A       21%         5
 Borgnjor's Revivificati  Necr           41%        N/A       34%         8
 Infestation              Necr           41%        N/A       34%         8
 Monstrous Menagerie      Summ           32%        N/A       52%         7
 Summon Hydra             Summ           32%        N/A       52%         7
 Petrify                  Tmut/Erth      13%        N/A       56%         4
 Metabolic Englaciation   Hex/Ice        13%        N/A       56%         5
 Blade Hands              Tmut           6%         N/A       88%         5
 Starburst                Conj/Fire      14%        6d6       97%         6
 Death's Door             Necr           41%        N/A       99%         9
 Statue Form              Tmut/Erth      8%         N/A       100%        6
 Necromutation            Tmut/Necr      28%        N/A       100%        8


Dungeon Overview and Level Annotations

Branches:
Dungeon (15/15)            Temple (1/1) D:6            Lair (5/5) D:8
  Swamp (4/4) Lair:3       Spider (0/4) Lair:3        Slime (0/5) Lair:4
    Orc (2/2) D:10            Elf (0/3) Orc:2        Vaults (0/5) D:14
 Depths (0/4) D:15          IceCv (visited)

Altars:
Ashenzari
Cheibriados
Dithmenos
Elyvilon
Fedhas
Gozag
Hepliaklqana
Kikubaaqudgha
Makhleb
Nemelex Xobeh
Okawaru
Qazlal
Ru
Sif Muna
Trog
Uskayaw
Vehumet
Wu Jian
Xom
Yredelemnul
Zin
The Shining One
Jiyva

Shops:
D:2 :   D:12 =   Orc:2 [([[

Portals:
Trove: D:11 (give +2 shadow dragon scales)

Annotations:
D:3 3 runed translucent doors, void236's ghost, weakling MfFi
D:4 2 transporters, scienide's ghost, novice MiFi


Innate Abilities, Weirdness & Mutations

You have a beak for a mouth.
You have claws for feet.
Your magical nature lets you fly swiftly and evasively.
You sometimes lose your temper in combat.
Your system is resistant to poisons. (rPois)
You are robust. (+10% HP)
You expend magic power (3 MP) to strengthen your wands.


Message History

Blink to where?
Press: ? - help, Dir - move target
As you read the scroll of blinking, it crumbles to dust.
The briar patch crumbles away.
The thorn hunter fires a volley of thorns at you.
The volley of thorns hits you!!
* * * LOW HITPOINT WARNING * * *
The thorn hunter fires a volley of thorns at you.
You block the volley of thorns.
The thorn hunter fires a volley of thorns at you.
The volley of thorns hits your swamp worm zombie!!
Your swamp worm zombie bites the thorn hunter.
Okay, then.
You feel much better.
The briar patch crumbles away.
The thorn hunter fires a volley of thorns at you.
The volley of thorns hits you!!
* * * LOW HITPOINT WARNING * * *
The swamp worm bites your swamp worm zombie!!
The thorn hunter hits your swamp worm zombie.
The thorn hunter hits your swamp worm zombie!
Your swamp worm zombie bites the thorn hunter.
The swamp worm barely misses your swamp worm zombie.
The briar patch crumbles away. x5
Your swamp worm zombie barely misses the thorn hunter.
The swamp worm fires a harpoon shot at you.
The harpoon shot misses you.
The swamp worm bites your swamp worm zombie!
Your swamp worm zombie is destroyed!
Your swamp worm zombie bites the thorn hunter!
The thorn hunter fires a volley of thorns at you.
The volley of thorns misses you.
The thorn hunter gestures.
As you read the scroll of teleportation, it crumbles to dust.
You feel strangely unstable.
The briar patch crumbles away. x2
Something hits your tyrant leech zombie!!
Something misses your tyrant leech zombie.
The swamp worm fires a harpoon shot at you.
The harpoon shot hits you!!
You die...
Kikubaaqudgha rasps: "You have failed me!
Welcome... death!"

~~~.~~§♣♣~♣♣♣PPP~P.~♣..~~~~
..♣.~~.♣♣~~~~.PPP~~~...~~.
..♣♣...♣..~~[~♣♣.P.~......
♣~~♣.....~...♣♣♣PP.P.P.♣~
♣.~~~~...~♣♣♣♣ ♣♣P.~PP~♣
~~~~~~.♣♣♣♣ ♣♣.Z~.♣♣
~~~§~.~♣♣ ♣♣~~Zw~~♣♣
♣...♣♣♣~♣♣ ♣♣♣♣..~~w~~.♣♣♣
♣♣~♣♣.~~.♣ ♣P~.@~~f~≈~§~.♣
♣♣♣♣~~..♣ ♣P~~.~~###≈~~~~♣
♣~..~♣♣♣~~~.~~## ##~~.~♣
♣♣♣♣♣§~♣♣§♣PPP# #P~~♣♣
♣♣♣♣♣♣♣P≈## ##P~♣ ♣~~# ~~♣
♣~≈# ≈~♣ ♣~~~ ~~♣


You could see a thorn hunter (ally target), 2 swamp worms, a friendly tyrant
leech zombie and a friendly swamp worm zombie.

Vanquished Creatures
  Kirke (Lair:5)
  2 orc warlords
  2 bunyips
  Josephine (D:12)
  2 ogre magi (D:15)
  2 spriggan zombies (D:15)
  7 vault guards (D:14)
  A death knight (D:15)
  Harold (Orc:1)
  7 two-headed ogres
  2 ghost crabs
  2 boulder beetles
  3 centaur warriors
  7 hydras
  4 catoblepae (Lair:5)
  2 tengu warriors
  5 alligators
  6 death yaks
  An orc high priest (Orc:2)
  A skyshark (Lair:5)
  A spark wasp zombie (D:15)
  4 skeletal warriors (D:15)
  A death drake (Swamp:4)
  A spriggan druid (Swamp:2)
  A wizard (D:14)
  7 swamp dragons
  2 bog bodies
  3 orc knights
  2 necromancers
  A stone giant zombie (D:15)
  A deep elf pyromancer (D:14)
  A phantasmal warrior (D:15)
  21 ugly things
  3 cyclopes
  2 orc sorcerers (Orc:1)
  A centaur zombie (D:13)
  3 will-o-the-wisps (Swamp:4)
  4 manticores
  7 elephants
  2 ice statues (IceCv)
  2 black mambas (Lair:2)
  A torpor snail (Lair:3)
  2 cane toads
  A gargoyle (D:10)
  3 komodo dragons
  A kobold demonologist (D:10)
  An unseen horror (D:11)
  3 rime drakes
  2 guardian mummies
  6 ice devils (IceCv)
  A freezing wraith (IceCv)
  2 anaconda simulacra (IceCv)
  A hydra zombie (D:13)
  8 trolls
  10 tyrant leeches
  12 blink frogs
  2 hornets
  3 polar bears
  A spriggan (Swamp:2)
  A vampire (D:11)
  6 wraiths
  A dire elephant simulacrum (IceCv)
  A water elemental (D:15)
  5 wyverns
  30 yaks
  2 shadows (D:10)
  5 hogs (Lair:5)
  Grum (D:8)
  4 basilisks
  A redback (Lair:3)
  2 steam dragons
  4 harpy simulacra (IceCv)
  6 swamp worms
  3 wargs (Orc:2)
  2 two-headed ogre zombies (D:10)
  3 hydra simulacra (IceCv)
  An acid dragon (D:11)
  6 water moccasins
  A human zombie (D:14)
  2 swamp drakes (Swamp:4)
  4 black bears
  25 orc warriors
  11 ogres
  3 ice beasts
  9 wolves
  A rime drake zombie (Lair:2)
  5 centaurs
  3 phantoms
  3 kobold brigands
  A gnoll sergeant (D:11)
  9 bullfrogs
  2 scorpions
  A cyclops zombie (D:12)
  9 wights
  A troll zombie (D:10)
  24 killer bees
  A yak zombie (Lair:5)
  4 jellies (D:7)
  2 electric eels (Lair:2)
  5 howler monkeys
  2 hounds
  3 gnoll boudas
  9 orc priests
  13 orc wizards
  7 iguanas
  A spriggan simulacrum (IceCv)
  A polar bear simulacrum (Lair:3)
  A wolf simulacrum (IceCv)
  5 ogre zombies (D:10)
  16 gnolls
  A steam dragon zombie (D:15)
  12 adders
  A naga simulacrum (IceCv)
  An ufetubus (D:7)
  2 worms (D:3)
  A dart slug (D:5)
  58 orcs
  4 endoplasms
  5 giant cockroaches
  14 goblins
  8 hobgoblins
  12 jackals
  4 quokkas
  4 ball pythons (D:1)
  4 bats
  3 frilled lizards
  3 goblin skeletons (D:10)
  2 goblin zombies (D:10)
  A hobgoblin skeleton (D:10)
  3 hobgoblin zombies (D:10)
  13 kobolds
  An orc skeleton (D:10)
  17 orc zombies
  5 rats
636 creatures vanquished.

Vanquished Creatures (collateral kills)
  Mara (Swamp:4)
  Gastronok (Lair:3)
  2 thorn hunters
  An orc warlord (Orc:2)
  An eleionoma (Swamp:4)
  Nessos (Lair:5)
  5 bunyips
  4 shambling mangroves
  Fannar (Lair:3)
  A ghost crab (Swamp:4)
  9 hydras
  2 two-headed ogres
  2 alligators
  A catoblepas (D:13)
  A death yak (Lair:5)
  A centaur warrior (D:14)
  A death drake (Swamp:3)
  6 goliath frogs
  2 spriggan riders
  A skeletal warrior (D:15)
  2 bog bodies
  A spriggan druid (Swamp:4)
  5 swamp dragons
  2 lindwurms (Swamp:4)
  A manticore (D:13)
  3 will-o-the-wisps
  5 ugly things
  6 elephants (Lair:5)
  3 cane toads
  A torpor snail (Swamp:4)
  A rime drake (Lair:2)
  3 komodo dragons
  An unseen horror (D:10)
  A queen bee (Lair:1)
  2 polar bears (Lair:5)
  A bloated husk (Swamp:3)
  14 hornets
  A troll (D:11)
  5 tyrant leeches
  A blink frog (Lair:3)
  10 spriggans
  A centaur simulacrum (D:14)
  A shadow (D:10)
  A vampire (D:11)
  12 yaks
  A hog (Lair:5)
  A basilisk (Lair:4)
  5 vampire mosquitoes
  A death yak simulacrum (Lair:3)
  12 swamp worms
  2 acid dragons
  5 water moccasins
  3 swamp drakes (Swamp:4)
  10 orc warriors
  A black bear (D:8)
  2 centaurs (D:13)
  3 bullfrogs
  A scorpion (D:5)
  11 killer bees
  A jelly (D:7)
  A howler monkey (D:7)
  2 electric eels
  2 hounds (D:5)
  8 orc priests
  An iguana (D:5)
  10 orc wizards
  2 polar bear simulacra (Lair:3)
  A gnoll (D:6)
  2 adders (D:5)
  A dart slug (D:5)
  34 orcs
  A jackal (D:1)
  A quokka (D:5)
  A goblin zombie (D:10)
  An orc zombie (D:10)
  A butterfly (Lair:1)
256 creatures vanquished.

Vanquished Creatures (others)
  4 fenstrider witches (Swamp:4)
  6 bunyips
  4 fenstrider witch zombies (Swamp:4)
  5 hydras
  A spriggan air mage (Swamp:4)
  A centaur warrior (D:15)
  A death knight (D:14)
  A tengu warrior (D:14)
  An alligator (Swamp:4)
  2 spriggan berserkers (Swamp:4)
  A spriggan (Swamp:4)
  A skyshark (Lair:5)
  2 goliath frogs (Swamp:3)
  5 bunyip zombies
  5 spriggan riders
  A lindwurm (Swamp:4)
  4 death drakes (Swamp:4)
  2 swamp dragons
  2 deep elf pyromancers (D:14)
  3 goliath frog zombies
  6 ugly thing zombies
  2 cane toads
  2 death yak zombies (Lair:5)
  3 rime drakes (IceCv)
  2 komodo dragons
  An unseen horror zombie (D:10)
  5 death drake zombies (Swamp:4)
  2 human zombies (D:14)
  2 bloated husks (Swamp:2)
  9 swamp worm zombies
  A troll (D:15)
  5 hydra zombies
  A polar bear (IceCv)
  5 tyrant leeches
  2 hornets
  A slime creature (D:13)
  A boulder beetle zombie (D:14)
  A water elemental (D:14)
  A basilisk (Lair:3)
  A yak (Lair:5)
  10 spriggan zombies
  4 tyrant leech zombies
  A steam dragon (D:15)
  A vampire mosquito (Swamp:3)
  7 two-headed ogre zombies
  A tengu zombie (D:14)
  A skyshark zombie (Lair:5)
  2 cane toad zombies
  A swamp drake (Swamp:4)
  2 orc warriors (Orc:2)
  3 ice beasts (IceCv)
  A sky beast (D:14)
  5 swamp dragon zombies
  A lindwurm zombie (Swamp:4)
  2 elephant zombies (Lair:2)
  3 elf zombies (D:14)
  2 blink frog zombies (Lair:5)
  3 wolves
  3 hornet zombies (Swamp:2)
  An ogre (Orc:2)
  4 hog zombies (Lair:5)
  2 manticore zombies (Lair:5)
  4 vampire mosquito zombies
  3 rime drake zombies (IceCv)
  A bullfrog (Lair:5)
  A wyvern zombie (D:8)
  A gnoll sergeant (D:15)
  A scorpion (D:14)
  2 cyclops zombies
  A water moccasin zombie (D:5)
  2 warg zombies (Orc:2)
  5 troll zombies
  A queen bee zombie (Lair:1)
  19 yak zombies
  2 polar bear zombies
  4 killer bees (Lair:1)
  An electric eel (D:14)
  A howler monkey (D:14)
  5 wolf zombies
  2 bullfrog zombies
  2 centaur zombies
  A jelly (D:12)
  A scorpion zombie (D:14)
  2 orc wizards
  11 killer bee zombies
  3 ice beast zombies
  9 ogre zombies
  An acid dragon zombie (D:11)
  2 hound zombies (D:5)
  2 howler monkey zombies
  A steam dragon zombie (D:7)
  3 swamp drake zombies (Swamp:4)
  2 adder zombies (D:5)
  7 gnoll zombies
  3 iguana zombies
  A jelly zombie (D:7)
  2 dart slugs
  2 bat zombies
  2 endoplasms
  A goblin (D:15)
  3 bats
  4 dart slug zombies
  2 endoplasm zombies
  A goblin zombie (D:15)
  2 kobold zombies (D:9)
  59 orc zombies
  A quokka zombie (D:5)
  A rat (D:14)
  A rat zombie (D:14)
  3 briar patches (Swamp:4)
  3 foxfires
  33 fungi
  62 plants
  10 withered plants (D:15)
464 creatures vanquished.

Grand Total: 1356 creatures vanquished

Notes
Turn   | Place    | Note
-------+----------+-------------------------------------------
     0 | D:1      | Lusmu the Tengu Necromancer began the quest for the Orb.
     0 | D:1      | Reached XP level 1. HP: 10/10 MP: 4/4
   344 | D:1      | Reached XP level 2. HP: 3/15 MP: 0/6
   730 | D:1      | Reached XP level 3. HP: 19/19 MP: 5/7
  1164 | D:2      | Found Bicviha's Book Emporium.
  1184 | D:2      | Found a glowing silver altar of Zin.
  1471 | D:2      | Found a faded altar of an unknown god.
  1675 | D:2      | Gained mutation: You are strong-willed. (Will+) [potion of
                  | mutation]
  1675 | D:2      | Gained mutation: Your body sometimes deteriorates upon
                  | taking damage. [potion of mutation]
  1675 | D:2      | Gained mutation: Your system is resistant to poisons.
                  | (rPois) [potion of mutation]
  1693 | D:3      | Reached skill level 5 in Necromancy
  1725 | D:3      | Reached XP level 4. HP: 24/24 MP: 9/9
  1737 | D:3      | Found a runed translucent gate.
  1738 | D:3      | Found a runed translucent gate.
  1739 | D:3      | Found a runed translucent gate.
  1743 | D:3      | Noticed void236's ghost (weakling MfFi)
  2111 | D:3      | Gained mutation: Your magical nature lets you fly swiftly
                  | and evasively. [Tengu growth]
  2111 | D:3      | Reached XP level 5. HP: 27/28 MP: 10/10
  2213 | D:4      | Noticed a black bear
  2223 | D:4      | Killed a black bear
  2224 | D:4      | Reached XP level 6. HP: 20/32 MP: 10/12
  2258 | D:4      | Learned a level 4 spell: Animate Dead
  2388 | D:3      | Reached skill level 6 in Necromancy
  2614 | D:4      | Found a transporter.
  2659 | D:4      | Found a transporter.
  2661 | D:4      | Noticed scienide's ghost (novice MiFi)
  2769 | D:4      | Reached skill level 1 in Armour
  2773 | D:4      | Reached skill level 1 in Fighting
  3063 | D:4      | Reached XP level 7. HP: 32/38 MP: 14/14
  3216 | D:4      | Identified the +3 ring mail "Luptunic" {rN+ Will- Regen+}
  3356 | D:4      | Found a radiant altar of Vehumet.
  3356 | D:4      | Found a snail-covered altar of Cheibriados.
  3569 | D:5      | Entered Level 5 of the Dungeon
  4703 | D:5      | Reached skill level 7 in Necromancy
  4703 | D:5      | Reached XP level 8. HP: 45/45 MP: 15/15
  4915 | D:5      | Reached skill level 5 in Dodging
  5640 | D:5      | Reached skill level 5 in Armour
  5640 | D:5      | Reached skill level 8 in Necromancy
  5640 | D:5      | Reached XP level 9. HP: 52/52 MP: 16/16
  5927 | D:6      | Reached skill level 1 in Throwing
  6003 | D:6      | Found a basalt altar of Yredelemnul.
  6073 | D:6      | HP: 2/53 [gnoll/+1 spear of freezing[a gnoll bouda] (2)]
  6074 | D:6      | Reached skill level 5 in Fighting
  6084 | D:6      | HP: 2/54 [gnoll/+1 spear of freezing[a gnoll bouda] (1)]
  6530 | D:6      | Found a staircase to the Ecumenical Temple.
  6544 | Temple   | Entered the Ecumenical Temple
  6666 | Temple   | Became a worshipper of Kikubaaqudgha
  6738 | D:6      | Reached skill level 1 in Conjurations
  6775 | D:6      | Reached skill level 1 in Ice Magic
  7212 | D:7      | Reached skill level 1 in Staves
  7212 | D:7      | Reached skill level 1 in Evocations
  7651 | D:7      | Noticed a two-headed ogre
  8617 | D:2      | Bought a book of Touch for 308 gold pieces
  8624 | D:2      | Learned a level 3 spell: Hailstorm
  8629 | D:2      | Learned a level 4 spell: Dispel Undead
  8773 | D:7      | Reached XP level 10. HP: 35/59 MP: 17/17
  8952 | D:8      | Noticed Grum
  8962 | D:7      | Reached skill level 5 in Conjurations
  9759 | D:8      | Reached skill level 1 in Air Magic
  9860 | D:7      | Reached * piety under Kikubaaqudgha
  9860 | D:7      | Received a gift from Kikubaaqudgha
  9948 | D:8      | Reached skill level 5 in Staves
 10120 | D:8      | Found a shadowy altar of Dithmenos.
 10222 | D:8      | Killed Grum
 10223 | D:8      | Reached skill level 5 in Evocations
 10251 | D:8      | Found a staircase to the Lair.
 10367 | D:8      | Reached skill level 5 in Ice Magic
 10765 | D:9      | Reached skill level 5 in Air Magic
 10799 | D:9      | Reached XP level 11. HP: 47/64 MP: 18/18
 11006 | D:9      | Learned a level 4 spell: Airstrike
 11824 | D:9      | Reached ** piety under Kikubaaqudgha
 12124 | D:10     | Entered Level 10 of the Dungeon
 12124 | D:10     | Noticed a two-headed ogre
 12125 | D:10     | Noticed a two-headed ogre
 12531 | D:10     | Found a staircase to the Orcish Mines.
 12785 | D:10     | You are sucked into a shaft and drop 3 floors!
 12862 | D:13     | Noticed a red ugly thing
 12889 | D:13     | Noticed a green ugly thing
 12897 | D:13     | Noticed a manticore
 12978 | D:13     | Noticed a centaur warrior
 13183 | D:12     | Found a gate leading to a gauntlet.
 13188 | D:12     | Noticed a cyan ugly thing
 13224 | D:12     | Noticed Josephine
 13235 | D:12     | Found Cyameeri's Jewellery Boutique.
 13286 | D:11     | Noticed a manticore
 13291 | D:11     | Killed a manticore
 13420 | D:10     | Reached skill level 5 in Spellcasting
 13428 | D:10     | Reached *** piety under Kikubaaqudgha
 13428 | D:10     | Received a gift from Kikubaaqudgha
 13482 | D:10     | Killed a two-headed ogre
 13721 | D:10     | Killed a two-headed ogre
 14431 | D:10     | Gained mutation: You sometimes lose your temper in combat.
                  | [a neqoxec]
 14695 | D:10     | Learned a level 3 spell: Mephitic Cloud
 14854 | D:11     | Reached skill level 9 in Necromancy
 14880 | D:10     | Reached XP level 12. HP: 46/71 MP: 18/21
 15091 | D:10     | Upgraded the game from 0.30-a0-1082-g70414cbcbb to
                  | 0.30-a0-1085-g990a428a5c
 15115 | D:11     | Reached skill level 1 in Poison Magic
 15150 | D:11     | Reached skill level 1 in Shields
 15166 | D:11     | Reached **** piety under Kikubaaqudgha
 15269 | D:11     | Found the +8 Vampire's Tooth {megavamp}
 15718 | D:11     | Found a portal to a secret trove of treasure.
 16499 | D:12     | Reached skill level 1 in Short Blades
 16546 | D:12     | Lost mutation: You are strong-willed. (Will+) [potion of
                  | mutation]
 16546 | D:12     | Lost mutation: Your body sometimes deteriorates upon taking
                  | damage. [potion of mutation]
 16546 | D:12     | Gained mutation: You expend magic power (3 MP) to
                  | strengthen your wands. [potion of mutation]
 16546 | D:12     | Gained mutation: You are robust. (+10% HP) [potion of
                  | mutation]
 16676 | D:12     | Killed Josephine
 17223 | D:13     | Noticed a centaur warrior
 17237 | D:13     | Killed a centaur warrior
 17254 | D:13     | Noticed a tengu warrior
 17268 | D:13     | Killed a tengu warrior
 17269 | D:13     | Reached skill level 10 in Necromancy
 17431 | D:13     | Noticed a catoblepas
 17445 | D:13     | Killed a catoblepas
 17620 | D:13     | Killed a centaur warrior
 17621 | D:13     | Reached skill level 5 in Short Blades
 17877 | D:14     | Identified the +3 shortbow "Grim" {elec, rElec rC- rN+
                  | Will+}
 17905 | D:14     | Reached XP level 13. HP: 69/83 MP: 13/23
 17950 | D:14     | Reached skill level 5 in Poison Magic
 18042 | D:14     | Reached skill level 5 in Shields
 18380 | D:14     | Noticed a vault guard
 18380 | D:14     | Noticed a vault guard
 18398 | D:14     | Noticed a vault guard
 18425 | D:14     | Noticed a vault guard
 18470 | D:14     | Killed a vault guard
 18485 | D:14     | Killed a vault guard
 18538 | D:14     | Noticed a vault guard
 18539 | D:14     | Found a gate to the Vaults.
 18579 | D:14     | Killed a vault guard
 18738 | D:14     | Killed a vault guard
 18754 | D:14     | Noticed a vault guard
 18783 | D:14     | Killed a vault guard
 18885 | D:14     | Killed a vault guard
 19055 | D:15     | Entered Level 15 of the Dungeon
 19326 | D:15     | Found a staircase to the Depths.
 19451 | D:15     | Reached XP level 14. HP: 74/90 MP: 20/27
 20041 | D:15     | Reached skill level 11 in Necromancy
 20956 | Lair:1   | Entered Level 1 of the Lair of Beasts
 21066 | Lair:1   | Reached skill level 10 in Short Blades
 23006 | Lair:2   | Learned a level 6 spell: Death Channel
 23013 | Lair:3   | Noticed Gastronok
 23027 | Lair:3   | Killed Gastronok
 23110 | Lair:3   | Noticed Fannar
 23133 | Lair:3   | Killed Fannar
 23146 | Lair:3   | Reached XP level 15. HP: 99/99 MP: 24/28
 23158 | Lair:3   | Found a frozen archway.
 23220 | Lair:3   | Identified the +11 spear "Dele Edum" {freeze, rF+}
 23238 | IceCv    | Entered an ice cave
 23473 | IceCv    | HP: 4/99 [ice statue/shard of ice (30)]
 23735 | IceCv    | HP: 2/99 [dire elephant simulacrum (25)]
 24214 | Lair:3   | Found a hole to the Spider Nest.
 25060 | Lair:3   | Found a staircase to the Swamp.
 25257 | Lair:4   | Found a staircase to the Slime Pits.
 25257 | Lair:4   | Found a viscous altar of Jiyva.
 25584 | Lair:4   | You are sucked into a shaft and drop 1 floor!
 25584 | Lair:5   | Entered Level 5 of the Lair of Beasts
 25616 | Lair:5   | Reached skill level 12 in Necromancy
 25631 | Lair:5   | Reached skill level 10 in Dodging
 26031 | Lair:5   | Noticed Nessos
 26039 | Lair:5   | Noticed Kirke
 26059 | Lair:5   | Noticed a sphinx
 26107 | Lair:5   | Reached ***** piety under Kikubaaqudgha
 26222 | Lair:5   | Reached skill level 10 in Fighting
 26340 | Lair:5   | Killed Nessos
 26404 | Lair:5   | Killed Kirke
 27514 | Lair:1   | Identified a scroll of acquirement
 27516 | Lair:1   | Acquired the amulet "Hierit" {Faith +Inv Will+ Int+2}
 27637 | Orc:1    | Entered Level 1 of the Orcish Mines
 27669 | Orc:1    | Noticed Harold
 27686 | Orc:1    | Reached XP level 16. HP: 88/106 MP: 30/30
 27696 | Orc:1    | Killed Harold
 27697 | Orc:1    | Reached skill level 10 in Spellcasting
 27697 | Orc:1    | Reached skill level 1 in Summonings
 27708 | Orc:1    | Reached skill level 13 in Necromancy
 27946 | Orc:2    | Entered Level 2 of the Orcish Mines
 28179 | Orc:2    | Found a staircase to the Elven Halls.
 28427 | Orc:2    | Reached ****** piety under Kikubaaqudgha
 28530 | Orc:2    | Found Evad's Antique Armour Shop.
 28534 | Orc:2    | Found Ahuenyg's Antique Weapon Boutique.
 28752 | Orc:2    | Found Qemy's Armour Emporium.
 28913 | Orc:2    | Found Bafaeh's Antique Armour Boutique.
 28947 | Orc:2    | Learned a level 4 spell: Summon Lightning Spire
 28964 | Orc:2    | Learned a level 5 spell: Agony
 29022 | Orc:1    | Reached skill level 5 in Summonings
 29484 | Swamp:1  | Entered Level 1 of the Swamp
 29621 | Swamp:1  | Reached skill level 14 in Necromancy
 30698 | Swamp:2  | Received a gift from Kikubaaqudgha
 31151 | Swamp:2  | Noticed a thorn hunter
 31156 | Swamp:2  | Killed a thorn hunter
 31563 | Swamp:3  | Reached skill level 15 in Necromancy
 31734 | Swamp:3  | Identified the +3 falchion "Sacveuliod" {antimagic, Str+3
                  | Int+2 Dex+4 Stlth-}
 31832 | Swamp:3  | Noticed a thorn hunter
 31839 | Swamp:3  | Killed a thorn hunter
 32281 | Swamp:3  | Reached XP level 17. HP: 112/112 MP: 32/32
 32578 | Swamp:4  | Entered Level 4 of the Swamp
 32613 | Swamp:4  | Reached skill level 16 in Necromancy
 32633 | Swamp:4  | Noticed Mara
 32679 | Swamp:4  | Noticed Lusmu's illusion
 33009 | Swamp:4  | Noticed Lusmu's illusion
 33027 | Swamp:4  | Killed Mara
 33028 | Swamp:4  | Reached skill level 10 in Summonings
 33262 | Swamp:4  | Reached skill level 17 in Necromancy
 33451 | Swamp:4  | Got a decaying rune of Zot
 33790 | Swamp:4  | Killed from afar by a swamp worm

Illustrated notes

Levels and vault maps discovered:
D:1:      spicycebolla_green_bress_n_ham, layout_loops_ring,
          wander_ebering_terrifying_dragon_lair
D:2:      layout_loops_ring, serial_shops, shop, basic_altar,
          basic_ecumenical_altar
D:3:      layout_rooms, ebering_ghost_rock_garden
D:4:      layout_gridville, amethyst_overflow_temple_binary,
          gammafunk_ghost_mausoleum
D:5:      layout_basic, dreamdust_wishing_well, nzn_random_ring
D:6:      layout_cave_pools, kennysheep_mini_moat,
          minmay_temple_entry_gardened_gates
D:7:      layout_gridville, corexii_item_surrounded_by_moat, st_stairs_1
D:8:      layout_cave_pools, old_standard_altar, minmay_lair_entry_grove,
          uniq_grum
D:9:      layout_loops_corners
D:10:     cheibrodos_iron_armory, layout_basic, zombieorc2_lemuel
D:11:     layout_loops_ring, nicolae_trove_entry_path_of_doom,
          skrybe_limestone_x, grunt_decor_junction,
          minmay_guarded_unrand_vampires_tooth
D:12:     layout_basic, gauntlet_entry_generic, serial_shops,
          nicolae_shop_window_shopping, minivault_19,
          nicolae_concentric_dashed_squares_mild, uniq_josephine
D:13:     layout_small_grid
D:14:     layout_loops_ring, erik_vaults_2, lemuel_freeze_loot_1
D:15:     gammafunk_depths_entry_grave, layout_basic, nicolae_wwwww
Temple:   compressed_dpeg_circular_temple
Lair:1:   layout_roguey [special_room_bee], grunt_megastairs_5,
          lemuel_fruit_fields
Lair:2:   layout_layer_cave, st_stairs_7, serial_bayou_shore_a
Lair:3:   layout_hall_layers, swamp_mist_pool, spider_nest_entry_rubble,
          portal_ice_cave_entry_ice_simulacra, infiniplex_staircase_pool,
          uniq_gastronok, uniq_fannar
Lair:4:   layout_gridlike, slime_entry_1, lemuel_fruit_fields,
          grunt_megastairs_4
Lair:5:   evilmike_catoblepas_cave, layout_misc_corridors, uniq_kirke,
          uniq_nessos
Swamp:1:  layout_basic_swamp, evilmike_swamp_ruin_house_1, swamp_pool1
Swamp:2:  layout_basic_swamp, evilmike_swamp_ruin_house_3, swamp_pool1
Swamp:3:  nzn_winding_woodlands_cross [nzn_winding_woodlands_5x15_concentric,
          nzn_winding_woodlands_5x15_crooked, nzn_winding_woodlands_5x15_eye,
          nzn_winding_woodlands_5x15_twine,
          nzn_winding_woodlands_15x15_boxy_spiral], layout_basic_swamp,
          hangedman_swamp_lotus
Swamp:4:  swamp_alternative, layout_basic_swamp, swamp_pool1, worms_lemuel,
          uniq_mara
Orc:1:    layout_caves, basic_altar, uniq_harold
Orc:2:    grunt_orc_community_town_hall, layout_caves,
          grunt_orc_community_big_house_2, grunt_orc_community_big_house_1,
          grunt_orc_community_house_1, grunt_orc_community_house_1,
          grunt_orc_community_house_2, grunt_orc_community_house_3,
          grunt_orc_community_house_1, grunt_orc_community_house_1

Skill      XL: |  1  2  3  4  5  6  7  8  9 10 11 12 13 14 15 16 17 |
---------------+----------------------------------------------------+-----
Necromancy     | 5 6 7 8 9 10 11 12 15 17 | 17.4
Stealth        | 3 4 |  4.0
Spellcasting   | 3 4 5 6 8 9 10 | 10.0
Armour         | 1 3 5 7 8 |  8.0
Fighting       | 1 2 4 5 6 7 9 10 | 10.0
Dodging        | 3 4 5 7 9 10 | 10.0
Throwing       | 2 3 4 |  4.0
Conjurations   | 4 5 6 |  6.0
Ice Magic      | 3 5 |  5.0
Staves         | 3 5 |  5.0
Evocations     | 3 5 6 |  6.0
Air Magic      | 5 7 8 |  8.0
Poison Magic   | 4 5 |  5.0
Shields        | 4 5 6 |  6.0
Short Blades   | 5 9 10 11 12 | 12.0
Summonings     | 9 11 | 11.1

Action                     |  1- 3 |  4- 6 |  7- 9 | 10-12 | 13-15 | 16-18 || total
---------------------------+-------+-------+-------+-------+-------+-------++-------
  Melee: Dagger            |    35 |       |       |       |       |       ||    35
         Peck              |     9 |    18 |    54 |   106 |   468 |   130 ||   785
         Kick              |    10 |    29 |    96 |   193 |   686 |   219 ||  1233
         Unarmed           |     1 |       |       |       |       |       ||     1
         Hand axe          |    35 |    98 |   141 |       |       |       ||   274
         Punch             |       |     2 |     2 |    10 |       |       ||    14
         Staff             |       |       |   128 |   366 |       |       ||   494
         Flail             |       |       |    48 |       |       |       ||    48
         Quick blade       |       |       |       |    83 |  1441 |   471 ||  1995
  Throw: Dart              |       |    13 |    44 |    90 |    54 |    11 ||   212
         Javelin           |       |       |     2 |       |       |       ||     2
         Throwing net      |       |       |     1 |       |       |       ||     1
   Cast: Necrotise         |    28 |    15 |    28 |    81 |       |       ||   152
         Animate Dead      |       |       |    15 |    21 |    32 |    15 ||    83
         Dispel Undead     |       |       |       |    36 |    22 |     6 ||    64
         Hailstorm         |       |       |       |    11 |       |       ||    11
         Mephitic Cloud    |       |       |       |    22 |    48 |    15 ||    85
         Airstrike         |       |       |       |     1 |     8 |       ||     9
         Death Channel     |       |       |       |       |     2 |     4 ||     6
         Summon Lightning  |       |       |       |       |       |    18 ||    18
         Agony             |       |       |       |       |       |    10 ||    10
 Invoke: Unearth Wretches  |       |       |       |     7 |    12 |     8 ||    27
         Torment           |       |       |       |       |     1 |     4 ||     5
         Receive Forbidden |       |       |       |       |       |     1 ||     1
Ability: Evoke Invisibilit |       |       |       |       |       |     1 ||     1
  Evoke: Wand              |       |       |     8 |     9 |     6 |    11 ||    34
         Phial of floods   |       |       |       |       |     1 |     1 ||     2
    Use: Scroll            |     8 |     3 |    12 |     7 |    11 |     8 ||    49
         Potion            |     1 |     1 |     6 |     6 |    10 |     7 ||    31
   Stab: Sleeping          |     7 |     5 |     3 |     2 |     7 |     1 ||    25
         Distracted        |       |       |     1 |     2 |    16 |     8 ||    27
         Confused          |       |       |       |     6 |     8 |     7 ||    21
         Paralysed         |       |       |       |     3 |       |     1 ||     4
         Invisible         |       |       |       |       |       |     5 ||     5
 Armour: Robe              |    17 |       |       |       |       |       ||    17
         Leather armour    |     2 |    29 |    86 |   123 |   110 |    31 ||   381
  Dodge: Dodged            |    68 |   118 |   426 |   532 |   558 |   331 ||  2033
  Block: Buckler           |       |       |       |     8 |   171 |   104 ||   283

Table legend: (Time is in decaauts)
 A = Elapsed time spent in this place.
 B = Non-inter-level travel time spent in this place.
 C = Inter-level travel time spent in this place.
 D = Time resting spent in this place.
 E = Time spent auto-exploring this place.
 F = Levels seen in this place.
 G = Mean time per level.
                   A        B        C        D        E       F      G
               +--------+--------+--------+--------+--------+-----+--------+
         Total |  31526 |  29893 |   1633 |   4136 |   8817 |  28 | 1125.9 |
       Dungeon |  19584 |  18386 |   1198 |   2798 |   5898 |  15 | 1305.6 |
        Temple |    124 |     97 |     27 |      0 |     78 |   1 |  124.0 |
          Lair |   5244 |   5011 |    233 |    188 |   1412 |   5 | 1048.8 |
         Swamp |   4185 |   4056 |    129 |    911 |    957 |   4 | 1046.2 |
  Orcish Mines |   1559 |   1513 |     46 |      0 |    471 |   2 |  779.5 |
      Ice Cave |    828 |    828 |      0 |    238 |      0 |   1 |  828.0 |
               +--------+--------+--------+--------+--------+-----+--------+

Top non-repeatable levels by time:
     D:7: 2565 daAuts
     D:5: 2286 daAuts
    D:10: 2245 daAuts
    D:14: 1511 daAuts
    D:12: 1482 daAuts
     D:9: 1384 daAuts
 Swamp:3: 1325 daAuts
     D:4: 1275 daAuts
  Lair:5: 1195 daAuts
  Lair:3: 1192 daAuts
  Lair:2: 1161 daAuts
    D:15: 1100 daAuts
   Orc:2: 1025 daAuts
     D:1: 1022 daAuts
 Swamp:2: 998 daAuts
